 Dungeon Crawl Stone Soup version 0.14-a0-1761-gdbd231b (webtiles) character file.

11715 ReteAZ the Severer (level 11, -2/99 HPs)
             Began as a Minotaur Fighter on Jan 4, 2014.
             Was a High Priest of Makhleb.
             Shot with an arrow by a centaur warrior (14 damage)
             ... on Level 13 of the Dungeon.
             The game lasted 00:57:51 (10139 turns).

ReteAZ the Severer (Minotaur Fighter)              Turns: 10139, Time: 00:57:51

HP  -2/99        AC 17     Str 24      XL: 11   Next: 47%
MP  19/19        EV  4     Int  7      God: Makhleb [*****.]
Gold 399         SH 19     Dex 11      Spells:  0 memorised, 10 levels left

rFire  + . .     SeeInvis .     K - +1,+4 orc hand axe (flame)
rCold  + . .     Clarity  .     I - +1 dwarf plate armour
rNeg   + . .     Conserve .     a - +0 shield
rPois  +         rCorr    .     (helmet restricted)
rElec  +         rRot     .     (no cloak)
SustAb . .       Spirit   .     G - +0 pair of gloves
rMut   .         Warding  +     (no boots)
Saprov . . .     Stasis   .     i - amulet of warding
                                S - ring of magical power
                                u - cursed +3 ring of strength

@: somewhat resistant to hostile enchantments, extremely unstealthy
A: retaliatory headbutt, horns 2
a: Minor Destruction, Lesser Servant of Makhleb, Major Destruction, Greater
Servant of Makhleb, Renounce Religion


You were on level 13 of the Dungeon.
You worshipped Makhleb.
Makhleb was extremely pleased with you.
You were not hungry.

You visited 2 branches of the dungeon, and saw 14 of its levels.
You also visited: Ossuary, Bailey and Ice Cave.

You collected 489 gold pieces.
You spent 90 gold pieces at shops.

Inventory:

Hand weapons
 K - a +1,+4 orcish hand axe of flaming (weapon)
Missiles
 Q - 10 darts (quivered)
Armour
 a - a +0 shield (worn)
 c - a +0 shield
 G - a +0 pair of gloves (worn)
 I - a +1 dwarven plate armour (worn)
Magical devices
 p - a wand of cold (7) {unknown}
 H - a wand of draining (12)
Comestibles
 d - 3 bread rations
 h - a chunk of orc flesh
 l - 8 meat rations
 o - 2 pears
 v - a choko
 z - a cheese
 B - 9 grapes
 C - 3 sausages
 M - 3 apples
Scrolls
 e - a scroll of blinking
 f - 2 scrolls of teleportation
 g - 7 scrolls of identify
 j - 4 scrolls of remove curse
 k - 3 scrolls of enchant weapon I
 n - a scroll of magic mapping
 q - a scroll of recharging
 A - 3 scrolls of enchant weapon II
 F - a scroll of fog
Jewellery
 i - an amulet of warding (around neck)
 u - a cursed +3 ring of strength (left hand)
 S - a ring of magical power (right hand)
 W - an uncursed amulet of stasis
Potions
 b - a potion of paralysis
 m - 2 potions of berserk rage
 w - a potion of restore abilities
 x - a potion of confusion
 E - 4 potions of curing
 P - a potion of brilliance
 V - a potion of magic
Books
 y - a book of Dreams

   Spells                             Type                      Level
   Ensorcelled Hibernation            Hexes/Ice                    2
   Flight                             Charms/Air                   3
   Phase Shift                        Translocation                5
   Shadow Creatures                   Summoning                    5
   Mass Confusion                     Hexes                        6
   Darkness                           Hexes                        7
 R - Sif Muna's Collected Works on the Dark Compass
   (You found it on level 10 of the Dungeon)

   Spells                             Type                      Level
   Animate Skeleton                   Necromancy                   1
   Corpse Rot                         Necromancy                   2
   Portal Projectile                  Translocation                2
   Control Teleport                   Charms/Translocation         4
   Passage of Golubria                Translocation                4
   Controlled Blink                   Translocation                7


   Skills:
 + Level 9.9 Fighting
 - Level 16.3 Axes
 + Level 9.7 Armour
 - Level 3.6 Shields
 + Level 3.0 Invocations


You had 10 spell levels left.
You didn't know any spells.

Dungeon Overview and Level Annotations

Branches:
Dungeon (13/16)            Temple (1/1) D:6             Orc (0/4) D:10
   Lair: D:8-11

Altars:
Cheibriados
Fedhas
Makhleb
Okawaru
Sif Muna
Trog
Vehumet
Zin
the Shining One

Shops:
D:7 (   D:10 !

Annotations:
D:4 Blork the orc
D:11 ReteAZ's ghost, powerful OgHu


Innate Abilities, Weirdness & Mutations

You reflexively headbutt those who attack you in melee.
You have a pair of horns on your head.


Message History

The centaur warrior wields a longbow.
The centaur warrior shoots an arrow.
The arrow hits you!
You see here an arrow.
The centaur warrior shoots an arrow.
The arrow hits you!
There is a stone staircase leading up, spattered with blood here.
You see here an arrow.
The centaur warrior shoots an arrow.
The arrow hits you!
The centaur warrior shoots an arrow.
The arrow hits you!
You see here an arrow.
The centaur warrior shoots an arrow.
The arrow hits you!
You see here an arrow.
Drink which item? (? for menu, Esc to quit)
You feel protected.
The centaur warrior shoots an arrow.
The arrow hits you!
* * * LOW HITPOINT WARNING * * *
The centaur warrior shoots an arrow.
The arrow hits you!
* * * LOW HITPOINT WARNING * * *
Drink which item? (? for menu, Esc to quit)
You feel better.
The centaur warrior shoots an arrow.
The arrow hits you!
You die...

......... .....#
#....# ..
#....###...
.###...........
.......c.........
..................#
..................#
...........@......#
#............(....##
#........?...<..##
#.........).(.##
#...........##
##.........##
##$......##
##.....## ##...##


You could see a centaur warrior.

Vanquished Creatures
  A ball lightning (D:12)
  2 hill giants (D:10)
  An unseen horror (D:11)
  Joseph (D:10)
  A feature mimic (D:10)
  A blue devil (IceCv)
  A hydra zombie (D:9)
  3 trolls
  Prince Ribbit (D:4)
  A shadow (D:12)
  A hill giant zombie (D:11)
  A wyvern (D:12)
  2 hungry ghosts
  A manticore (D:11)
  Menkaure (D:5)
  2 wolves (D:8)
  5 orc warriors
  A swamp drake (D:10)
  5 ice beasts
  2 sky beasts
  A phantom (D:6)
  3 ogres
  3 centaurs
  A blink frog skeleton (D:11)
  Sigmund (D:4)
  3 water moccasins
  5 elf zombies (Ossuary)
  2 big kobolds
  4 giant frogs
  11 insubstantial wisps (D:12)
  5 killer bees (D:12)
  A yak skeleton (D:11)
  6 crimson imps
  10 hounds
  A wandering mushroom (D:9)
  3 centaur zombies (Ossuary)
  A quasit (D:8)
  2 scorpions
  A yellow wasp zombie (D:10)
  4 human zombies (Ossuary)
  A giant frog skeleton (D:6)
  A jelly (D:10)
  6 orc priests
  12 orc wizards
  2 iguanas
  9 worker ants
  A crocodile zombie (D:8)
  An ogre skeleton (D:4)
  4 mummies
  19 adders
  2 giant centipedes (D:10)
  11 gnolls
  2 giant mites
  An inept feature mimic (D:10)
  4 worms
  A scorpion zombie (D:9)
  An adder skeleton (D:5)
  A giant eyeball (D:11)
  2 giant geckos
  32 orcs
  3 ball pythons
  A bat zombie (D:5)
  4 giant cockroaches
  12 goblins
  23 hobgoblins
  5 quokkas
  11 bats
  10 giant newts
  13 jackals
  24 kobolds
  A quokka zombie (D:5)
  13 rats
  A rat skeleton (D:6)
  5 ballistomycetes (D:6)
  A fungus (D:8)
342 creatures vanquished.

Vanquished Creatures (others)
  3 ball lightnings (D:12)
  An orange demon (D:11)
  A hellwing (D:11)
  A giant cockroach (D:8)
  4 giant spores
  2 ballistomycetes (D:8)
12 creatures vanquished.

Grand Total: 354 creatures vanquished

Notes
Turn   | Place    | Note
--------------------------------------------------------------
     0 | D:1      | ReteAZ, the Minotaur Fighter, began the quest for the Orb.
     0 | D:1      | Reached XP level 1. HP: 19/19 MP: 1/1
   218 | D:1      | Reached XP level 2. HP: 26/26 MP: 1/1
   554 | D:1      | Reached skill level 4 in Axes
   630 | D:2      | Reached XP level 3. HP: 29/31 MP: 2/2
   847 | D:2      | Reached skill level 5 in Axes
   914 | D:2      | Reached XP level 4. HP: 26/39 MP: 2/2
  1540 | D:3      | Reached skill level 6 in Axes
  1667 | D:3      | Reached XP level 5. HP: 44/46 MP: 2/2
  2290 | D:4      | Noticed Prince Ribbit
  2304 | D:4      | Killed Prince Ribbit
  2304 | D:4      | Reached skill level 5 in Fighting
  2304 | D:4      | Reached skill level 7 in Axes
  2304 | D:4      | Reached skill level 5 in Armour
  2304 | D:4      | Reached XP level 6. HP: 46/56 MP: 3/3
  2769 | D:4      | Noticed Sigmund
  2778 | D:4      | Killed Sigmund
  2778 | D:4      | Reached skill level 8 in Axes
  2778 | D:4      | Reached XP level 7. HP: 61/61 MP: 3/3
  2856 | D:4      | Noticed Blork the orc
  2902 | D:5      | Entered Level 5 of the Dungeon
  3141 | D:5      | Found a blossoming altar of Fedhas.
  3172 | D:5      | Reached skill level 9 in Axes
  3456 | D:5      | Noticed Menkaure
  3463 | D:5      | Killed Menkaure
  3463 | D:5      | Reached skill level 10 in Axes
  3463 | D:5      | Reached XP level 8. HP: 43/68 MP: 3/3
  3729 | D:6      | Found a staircase to the Ecumenical Temple.
  3759 | Temple   | Entered the Ecumenical Temple
  3782 | Temple   | Became a worshipper of Makhleb the Destroyer
  4142 | D:6      | Reached skill level 11 in Axes
  4562 | D:6      | Acquired Makhleb's first power
  4574 | D:6      | Found a radiant altar of Vehumet.
  4788 | D:6      | Reached skill level 12 in Axes
  5127 | D:7      | Found a sand-covered staircase.
  5137 | Ossuary  | Entered an ossuary
  5219 | Ossuary  | Reached XP level 9. HP: 53/74 MP: 4/4
  5398 | Ossuary  | Reached skill level 13 in Axes
  5461 | D:7      | Found Duntycihukk's Weapon Emporium.
  5751 | D:8      | Acquired Makhleb's second power
  6129 | D:8      | Reached skill level 14 in Axes
  6602 | D:9      | Reached XP level 10. HP: 79/86 MP: 4/4
  6773 | D:9      | Acquired Makhleb's third power
  6983 | D:9      | Found a flagged portal.
  6994 | Bailey   | Entered a bailey
  6996 | Bailey   | Noticed an orc knight
  7083 | D:9      | Found a blossoming altar of Fedhas.
  7130 | D:9      | Reached skill level 15 in Axes
  7185 | D:10     | Entered Level 10 of the Dungeon
  7212 | D:10     | Found Jirit's Distillery.
  7232 | D:10     | Bought 2 potions of curing for 40 gold pieces
  7232 | D:10     | Bought a potion of curing for 20 gold pieces
  7232 | D:10     | Bought a potion of heal wounds for 30 gold pieces
  7295 | D:10     | Acquired Makhleb's fourth power
  7300 | D:10     | Found a staircase to the Orcish Mines.
  7535 | D:10     | Identified Sif Muna's Collected Works on the Dark Compass
  7641 | D:10     | Noticed a hill giant
  7664 | D:10     | Killed a hill giant
  7876 | D:10     | Noticed a hill giant
  7883 | D:10     | Noticed Joseph
  7909 | D:10     | Killed Joseph
  7909 | D:10     | Reached skill level 16 in Axes
  7927 | D:10     | Noticed a hill giant
  8090 | D:10     | Killed a hill giant
  8295 | D:10     | Acquired Makhleb's fifth power
  8480 | D:11     | Killed an unseen horror
  8480 | D:11     | Reached XP level 11. HP: 71/95 MP: 4/4
  8510 | D:11     | Noticed ReteAZ's ghost (powerful OgHu)
  8791 | D:11     | HP: 4/95 [ReteAZ's ghost (35)]
  9510 | D:12     | Noticed a ball lightning
  9527 | D:12     | Killed a ball lightning
  9534 | D:12     | Reached skill level 1 in Invocations
  9573 | D:12     | Noticed a ball lightning
  9588 | D:12     | Killed a ball lightning
  9630 | D:12     | Noticed a ball lightning
  9631 | D:12     | Noticed a ball lightning
  9631 | D:12     | Killed a ball lightning
  9649 | D:12     | Killed a ball lightning
  9709 | D:12     | Found a frozen archway.
  9720 | IceCv    | Entered an ice cave
 10126 | D:13     | Noticed a centaur warrior
 10138 | D:13     | HP: 4/99 [centaur warrior/arrow (14)]
 10139 | D:13     | Shot with an arrow by a centaur warrior

Action                   |  1- 3 |  4- 6 |  7- 9 | 10-12 || total
-------------------------+-------+-------+-------+-------++-------
Melee: Hand axe          |   119 |   172 |   640 |   519 ||  1450
Throw: Javelin           |       |       |       |     5 ||     5
Invok: Lesser Servant of |       |       |       |     2 ||     2
  Use: Potion            |       |     2 |     4 |    15 ||    21
       Scroll            |       |       |     4 |    26 ||    30
